 Dungeon Crawl Stone Soup version 0.27-a0-797-g27d10ad80f (webtiles) character file.

Game seed: 7557900618565166224

1150 dickylongcocking the Insei (level 8, -9/58 HPs)
             Began as a Djinni Transmuter on Mar 27, 2021.
             Engulfed by a steam dragon's steam (10 damage)
             ... on level 6 of the Dungeon.
             The game lasted 00:06:45 (7604 turns).

dickylongcocking the Insei (Djinni Transmuter)      Turns: 7604, Time: 00:06:46

Health: -9/58      AC:  6    Str:  9    XL:     8   Next: 38%
Gold:   454        EV: 19    Int: 17    God:
                   SH:  0    Dex: 19

rFire    . . .     SeeInvis .     - Unarmed
rCold    . . .     Faith    .   (shield currently unavailable)
rNeg     . . .     Spirit   .   (armour currently unavailable)
rPois    ∞         Reflect  .   (helmet currently unavailable)
rElec    .         Harm     .   (cloak currently unavailable)
rCorr    .         Rampage  .   (gloves currently unavailable)
Will     +....                  (boots unavailable)
Stlth    ++........             (no amulet)
HPRegen  0.19/turn              d - ring of willpower
MPRegen  0.00/turn              h - +4 ring of protection

@: spider-form, flying, invisible
A: venomous fangs, flying, tiny, (fire resistance 2), (cold vulnerability 1),
float, innate caster, hp casting, extra vitality 1
a: End Transformation


You were on level 6 of the Dungeon.
You were a venomous arachnid creature.
You visited 1 branch of the dungeon, and saw 6 of its levels.
You also visited: Sewer.

You collected 454 gold pieces.

Inventory:

Armour
 a - a +0 robe
 b - a +0 helmet (melded)
 j - a +0 leather armour
 p - a +0 troll leather armour (melded) {Purgy}
 s - a +1 pair of gloves (melded)
Jewellery
 d - a ring of willpower (left front leg)
 h - a +4 ring of protection (right front leg)
Wands
 c - a wand of digging (3)
 x - a wand of random effects (13)
Scrolls
 f - a scroll of silence {unknown}
 g - a scroll of amnesia {unknown}
 k - a scroll of summoning {unknown}
 l - a scroll of noise {unknown}
 m - a scroll of blinking {unknown}
 o - 3 scrolls of identify {unknown}
 r - 2 scrolls of fear {unknown}
Potions
 e - 2 potions of cancellation
 i - 3 potions of curing {unknown}
 n - a potion of attraction {unknown}
 q - a potion of invisibility
 t - a potion of degeneration {unknown}
 u - a potion of berserk rage {unknown}
 v - a potion of lignification {unknown}
 w - 2 potions of brilliance {unknown}


   Skills:
 * Level 4.9 Fighting
 - Level 2.2 Dodging
 - Level 2.0 Stealth
 * Level 6.7 Unarmed Combat
 * Level 4.5 Spellcasting


You couldn't memorise any spells.
You knew the following spells:

 Your Spells              Type           Power      Damage    Failure   Level
a - Beastly Appendage     Tmut           38%        N/A       9%          1
b - Wereblood             Tmut           19%        N/A       12%         2
c - Spider Form           Tmut/Pois      9%         N/A       19%         3
d - Ice Form              Ice/Tmut       19%        N/A       43%         4
e - Blade Hands           Tmut           9%         N/A       75%         5
f - Corona                Hex            21%        N/A       9%          1
g - Corpse Rot            Necr/Air       N/A        N/A       12%         2
h - Lesser Beckoning      Tloc           9%         N/A       19%         3
Your spell library was empty.

Dungeon Overview and Level Annotations

Branches:
Dungeon (6/15)              Sewer (visited)
 Temple: D:4-7

Altars:
The Shining One

Shops:
D:1 [?=!   D:4 !

Annotations:
D:4 3 runed translucent doors, Drazool's ghost, novice GrGl


Innate Abilities, Weirdness & Mutations

You are a venomous arachnid creature.
You have poisonous fangs.
You are tiny and dextrous.
You are flying.
Your spellcasting is less reliable in this form.
Your armour is entirely melded.
You are incapable of wielding weapons or throwing items.
You are immune to poison.
((Your flesh is very heat resistant. (rF++)))
((You are vulnerable to cold. (rC-)))
You float through the air rather than walking.
You learn spells naturally, not from books.
Your magical power is your life essence.
You have superior vitality. (+4 HP)


Message History

Your +0 helmet melds into your body.
Your +1 pair of gloves melds into your body.
Your +0 troll leather armour {Purgy} melds into your body.
The steam dragon completely misses you. The steam dragon barely misses you.
The adder bites you but does no damage.
You hit the steam dragon.
The steam dragon is lightly wounded.
The adder closely misses you. The steam dragon breathes steam at you.
The ball of steam hits you! The adder misses you.
You hit the steam dragon.
The steam dragon is poisoned.
The steam dragon is moderately wounded.
You are engulfed in a cloud of scalding steam.
The steam dragon breathes steam at you. The ball of steam hits you!
The adder closely misses you.
You are too injured to fight recklessly!
Unknown command.
You are too injured to fight recklessly!
You hit the adder.
The adder is poisoned.
The adder is severely wounded.
You are engulfed in a cloud of scalding steam.
* * * LOW HITPOINT WARNING * * *
The steam dragon bites you.
* * * LOW HITPOINT WARNING * * *
The steam dragon completely misses you. The adder completely misses you.
Okay, then.
Okay, then.
The adder is engulfed in a cloud of scalding steam.
The adder dies!
The steam dragon breathes steam at you. The ball of steam hits you!
* * * LOW HITPOINT WARNING * * *
Unknown command.
Okay, then.
Okay, then.
Okay, then.
Okay, then.
It was a potion of invisibility.
You fade into invisibility!
You die...

.#......#......#
........######.# ......#.#
#.# ........# #.#
######..# #.# #..# #.#
#..# #.#
######..######.#######.###
.....#..........s§§[......
####.....#####....D.......
#######.<# #########.###
.........# # ########.# #
.... # ###.# ... ###


You could see a steam dragon (very poisoned, catching breath).

Vanquished Creatures
  Purgy (Sewer)
  2 sky beasts
  A black bear (D:6)
  A centaur (D:6)
  A wyvern zombie (D:5)
  A water moccasin zombie (D:5)
  A scorpion (D:5)
  2 centaur zombies (D:5)
  A bullfrog skeleton (D:5)
  A gnoll shaman (D:6)
  A jelly (D:5)
  Terence (D:2)
  3 iguanas
  2 orc wizards
  A hound skeleton (D:4)
  Robin (D:2)
  4 adders
  2 shadow imps (D:6)
  A white imp (D:5)
  An adder skeleton (D:4)
  3 worms
  A dart slug (D:2)
  12 orcs
  9 bats
  11 endoplasms
  9 giant cockroaches
  10 goblins
  18 hobgoblins
  16 jackals
  9 kobolds
  4 quokkas
  3 ball pythons
  3 rats
137 creatures vanquished.

Vanquished Creatures (others)
  An adder (D:6)
  A plant (D:2)
2 creatures vanquished.

Grand Total: 139 creatures vanquished

Notes
Turn   | Place    | Note
-------+----------+-------------------------------------------
     0 | D:1      | dickylongcocking the Djinni Transmuter began the quest for
                  | the Orb.
     0 | D:1      | Reached XP level 1. HP: 17/17 MP: 0/0
   554 | D:1      | Found Saompunuava's Magic Scroll Boutique.
   593 | D:1      | Reached XP level 2. HP: 14/22 MP: 0/0
  1032 | D:1      | Found Ximei's Jewellery Boutique.
  1052 | D:1      | Found Loima's Antique Armour Shoppe.
  1167 | D:1      | Reached XP level 3. HP: 7/27 MP: 0/0
  1167 | D:1      | Learned a level 1 spell: Corona
  1441 | D:1      | Found Qubuggoa's Distillery.
  2308 | D:2      | Reached skill level 4 in Unarmed Combat
  2864 | D:2      | Noticed Terence
  2879 | D:2      | Killed Terence
  2880 | D:2      | Reached XP level 4. HP: 3/32 MP: 0/0
  3418 | D:2      | Noticed Robin
  3796 | D:2      | Killed Robin
  3936 | D:2      | Reached XP level 5. HP: 34/37 MP: 0/0
  3936 | D:2      | Learned a level 2 spell: Corpse Rot
  4251 | D:2      | Found a glowing golden altar of the Shining One.
  4695 | D:3      | Reached skill level 1 in Stealth
  4990 | D:4      | Found a runed translucent gate.
  5257 | D:4      | Found a runed translucent gate.
  5258 | D:4      | Found a runed translucent gate.
  5258 | D:4      | Noticed a kobold brigand
  5261 | D:4      | Noticed Drazool's ghost (novice GrGl)
  5280 | D:4      | Reached skill level 5 in Unarmed Combat
  5621 | D:4      | Reached XP level 6. HP: 41/44 MP: 0/0
  5642 | D:4      | Found Raleucko's Distillery.
  6470 | D:5      | Entered Level 5 of the Dungeon
  6471 | D:5      | Found a glowing drain.
  6500 | Sewer    | Entered a sewer
  6585 | Sewer    | Noticed Purgy
  6594 | Sewer    | Killed Purgy
  6766 | D:5      | Noticed a sky beast
  6799 | D:5      | Killed a sky beast
  6800 | D:5      | Reached XP level 7. HP: 26/50 MP: 0/0
  6800 | D:5      | Learned a level 3 spell: Lesser Beckoning
  6981 | D:5      | Identified the -5 buckler of the Shining Light {Harm Regen+
                  | Dex+6}
  7025 | D:5      | Reached skill level 6 in Unarmed Combat
  7379 | D:6      | Reached XP level 8. HP: 34/58 MP: 0/0
  7603 | D:6      | HP: 1/58 [steam dragon/ball of steam (8)]
  7604 | D:6      | Engulfed by a steam dragon's steam

Illustrated notes

Levels and vault maps discovered:
D:1:      minmay_arrival_widening_spiral_narrow, layout_loops_ring,
          serial_shops, shop_statue, shop, shop, shop_statue
D:2:      layout_loops_corners, tso_oasis_becter, uniq_terence, uniq_robin
D:3:      layout_basic
D:4:      layout_loops_ring, gammafunk_ghost_split, serial_shops,
          kennysheep_mini
D:5:      layout_gridville, portal_sewer_entry_f, st_stairs_12
D:6:      hangedman_cross_stitches, layout_loops_ring,
          kennysheep_vampire_church, uniq_menkaure

Skill      XL: |  1  2  3  4  5  6  7 |
---------------+----------------------+-----
Spellcasting   | 2 3 4 |  4.5
Unarmed Combat | 4 5 6 |  6.7
Stealth        | 1 2 |  2.0
Fighting       | 2 3 4 |  4.9
Dodging        | |  2.2

Action                   |  1- 3 |  4- 6 |  7- 9 || total
-------------------------+-------+-------+-------++-------
Melee: Unarmed           |   177 |   238 |   147 ||   562
       Headbutt          |    10 |       |     4 ||    14
       Punch             |     2 |     4 |     1 ||     7
 Cast: Beastly Appendage |     8 |       |     1 ||     9
       Spider Form       |     1 |    19 |     8 ||    28
  Use: Potion            |     1 |     2 |     2 ||     5
 Stab: Sleeping          |     2 |     5 |       ||     7
       Distracted        |       |     1 |       ||     1
Armor: Robe              |    56 |     8 |       ||    64
       Skin              |       |    35 |    10 ||    45
       Leather armour    |       |    19 |       ||    19
       Troll leather arm |       |     9 |    49 ||    58
Dodge: Dodged            |   133 |   195 |   120 ||   448

Table legend: (Time is in decaauts)
 A = Elapsed time spent in this place.
 B = Non-inter-level travel time spent in this place.
 C = Inter-level travel time spent in this place.
 D = Time resting spent in this place.
 E = Time spent auto-exploring this place.
 F = Levels seen in this place.
 G = Mean time per level.
                   A        B        C        D        E       F      G
               +--------+--------+--------+--------+--------+-----+--------+
         Total |   7537 |   7177 |    360 |   1148 |   4792 |   7 | 1076.7 |
       Dungeon |   7290 |   6930 |    360 |   1118 |   4715 |   6 | 1215.0 |
         Sewer |    246 |    246 |      0 |     30 |     77 |   1 |  246.0 |
               +--------+--------+--------+--------+--------+-----+--------+

Top non-repeatable levels by time:
     D:1: 2445 daAuts
     D:2: 2158 daAuts
     D:4: 1297 daAuts
     D:5: 564 daAuts
     D:3: 525 daAuts
     D:6: 298 daAuts
   Sewer: 246 daAuts
